 Dungeon Crawl Stone Soup version 0.31-a0-626-g8143ab4f1d (webtiles) character file.

Game seed: 4490475760717742904

1488 dialectric the Carver (level 8, -2/67 (71) HPs)
             Began as a Minotaur Fighter on Aug 24, 2023.
             Slain by a wight
             ... wielding a +0 battleaxe
              (6 damage)
             ... on level 7 of the Dungeon on Aug 25, 2023.
             The game lasted 00:05:36 (4061 turns).

dialectric the Carver (Minotaur Fighter)            Turns: 4061, Time: 00:05:36

HP:   -2/67 (71)    AC: 12    Str: 24    XL:     8   Next: 51%
MP:   7/7           EV: 10    Int:  5    God:
Gold: 136           SH:  0    Dex: 11    Spells: 7/7 levels left

rFire   . . .        a - +0 long sword
rCold   . . .        (no shield)
rNeg    . . .        v - +0 chain mail
rPois   .            (helmet restricted)
rElec   +            o - +0 cloak
rCorr   .            (no gloves)
SInv    .            (no boots)
Will    .....        (no amulet) Stlth
                     p - ring of flight
HPRegen 0.31/turn    (no ring)
MPRegen 0.10/turn

%: no passive effects
@: lethally poisoned (-2 -> -6), flying, slowed, drained, very slow
A: horns 2, retaliatory headbutt, thin skeletal structure 1, sense surroundings
1, electricity resistance, inability to read after injury 1
a: no special abilities


You were on level 7 of the Dungeon.
You visited 1 branch of the dungeon, and saw 6 of its levels.

You collected 136 gold pieces.

Inventory:

Hand Weapons
 a - a +0 long sword (weapon)
 u - a +0 scimitar
Missiles
 f - a throwing net
 n - 11 poisoned darts (quivered)
Armour
 b - a +0 scale mail
 c - a +0 buckler
 o - a +0 cloak (worn)
 v - a +0 chain mail (worn)
 x - a +0 tower shield
Jewellery
 p - a ring of flight (left hand)
Wands
 t - a wand of quicksilver (33)
 w - a wand of paralysis (6)
Scrolls
 e - 4 scrolls of identify
 g - a scroll of poison
 h - a scroll of blinking {unknown}
 i - a scroll of enchant weapon {unknown}
 q - 2 scrolls of noise {unknown}
 r - a scroll of acquirement {unknown}
 s - 6 scrolls of teleportation {unknown}
 y - a scroll of revelation {unknown}
Potions
 d - a potion of brilliance {unknown}
 j - a potion of ambrosia {unknown}
 k - a potion of curing
 l - a potion of magic
 m - a potion of resistance {unknown}


   Skills:
 + Level 6.4 Fighting
 + Level 8.3 Long Blades
 - Level 1.0 Throwing
 + Level 8.0 Armour
 - Level 3.2 Dodging
 - Level 3.6 Shields
 + Level 0.9 Evocations


You had 7 spell levels left.
You didn't know any spells.
Your spell library contained the following spells:

 Spells                   Type           Power      Damage    Failure   Level
 Scorch                   Fire           0%         2d5       98%         2
 Flame Wave               Conj/Fire      0%         2d4       100%        4
 Summon Cactus Giant      Summ           0%         N/A       100%        6


Dungeon Overview and Level Annotations

Branches:
Dungeon (7/15)
 Temple: D:4-7

Altars:
Hepliaklqana
Nemelex Xobeh
Uskayaw

Annotations:
D:5 2 transporters, zenocrate's ghost, novice OpSh


Innate Abilities, Weirdness & Mutations

You have a pair of horns on your head.
You reflexively headbutt those who attack you in melee.
You have a somewhat thin skeletal structure. (Dex +2, Stealth+)
You passively map a small area around you.
You are resistant to electric shocks. (rElec)
You occasionally lose the ability to read scrolls when taking damage.


Message History

A kobold brigand comes into view.
It is wielding a +0 dagger and quivering curare-tipped darts.
You barely miss the wight.
The wight is almost destroyed.
The kobold brigand shouts!
The wight hits you but does no damage.
The kobold brigand throws a curare-tipped dart.
The curare-tipped dart hits you.
You are poisoned.
You have difficulty breathing.
You feel yourself slow down.
You feel very sick.
A kobold comes into view. It is wielding a +0 club.
The kobold brigand throws a curare-tipped dart.
The curare-tipped dart hits you.
You are more poisoned.
You have difficulty breathing.
You feel as though you will be slow longer.
The wight misses you.
A kobold comes into view. It is wielding a +0 dagger.
The wight closely misses you.
You feel extremely sick.
The kobold shouts!
The wight attacks as it pursues you! The wight completely misses you.
You feel very sick. The wight barely misses you. x2
The kobold brigand hits you but does no damage.
The wight hits you but does no damage.
You see here an emerald potion.
You feel very sick.
You feel very sick. The wight attacks as it pursues you!
The wight barely misses you.
The wight hits you but does no damage. x2
You feel sick. The wight attacks as it pursues you!
The wight hits you with a +2 hand axe.
* * * LOW HITPOINT WARNING * * *
You feel drained.
* * * LOW HITPOINT WARNING * * *
The wight hits you with a +0 battleaxe.
* * * LOW HITPOINT WARNING * * *
The wight hits you with a +0 battleaxe.
You die...

.................
................##...... , *
.......................#,
...###.....>..........### ,
.......##..#.#>.........
......########........## # .
....<...#..#...........#*.#..
, ,
....##..#.......zzK....##...
,
....###...##....@zz.K.......
....# ##.#####...K.!....#., *
#..## #....#.)..........#, *
#.## ##......)..........#
...* #.......###........#* ,
, ..## #########
###.......$.... ** ** *
#..####......, ~ * 8 8 #..#
...... , , , ~ ~ , ####* *
..... ,


You could see a kobold brigand, 4 wights and 2 kobolds.

Vanquished Creatures
  An orc warrior (D:6)
  An ice beast (D:7)
  A sky beast (D:6)
  2 black bears (D:6)
  An ogre (D:4)
  A centaur (D:5)
  A kobold brigand (D:4)
  A bullfrog (D:6)
  A gnoll sergeant (D:5)
  5 scorpions
  A howler monkey (D:7)
  2 hounds
  An orc priest (D:5)
  A sleepcap (D:6)
  2 iguanas
  An orc wizard (D:5)
  6 gnolls
  5 adders
  2 ufetubi
  A dart slug (D:5)
  11 orcs
  2 endoplasms (D:1)
  2 giant cockroaches (D:1)
  5 goblins
  5 hobgoblins
  3 quokkas
  2 ball pythons
  A frilled lizard (D:1)
  2 kobolds
  A rat (D:1)
71 creatures vanquished.

Notes
Turn   | Place    | Note
-------+----------+-------------------------------------------
     0 | D:1      | dialectric the Minotaur Fighter began the quest for the
                  | Orb.
     0 | D:1      | Reached XP level 1. HP: 19/19 MP: 0/0
   167 | D:1      | Reached XP level 2. HP: 27/27 MP: 1/1
   485 | D:2      | You fall into a shaft and drop 2 floors!
   625 | D:4      | Reached XP level 3. HP: 22/33 MP: 2/2
   774 | D:4      | Found a hazy altar of Hepliaklqana.
   811 | D:4      | Noticed a kobold brigand
   826 | D:4      | Killed a kobold brigand
   827 | D:4      | Reached skill level 1 in Dodging
   827 | D:4      | Reached XP level 4. HP: 7/41 MP: 3/3
   997 | D:4      | Noticed a scorpion
   997 | D:4      | Noticed an ogre
  1000 | D:4      | Noticed a scorpion
  1007 | D:4      | Killed a scorpion
  1008 | D:4      | Reached XP level 5. HP: 40/47 MP: 4/4
  1013 | D:4      | Killed an ogre
  1014 | D:4      | Reached skill level 5 in Long Blades
  1014 | D:4      | Reached skill level 5 in Armour
  1029 | D:4      | Reached XP level 6. HP: 9/53 MP: 5/5
  1739 | D:5      | Entered Level 5 of the Dungeon
  1742 | D:5      | Found a transporter.
  1744 | D:5      | Noticed zenocrate's ghost (novice OpSh)
  1755 | D:5      | Found a transporter.
  1861 | D:5      | Reached skill level 5 in Fighting
  2075 | D:5      | Gained mutation: You have a somewhat thin skeletal
                  | structure. (Dex +2, Stealth+) [potion of mutation]
  2075 | D:5      | Gained mutation: You occasionally lose the ability to drink
                  | potions when taking damage. [potion of mutation]
  2075 | D:5      | Gained mutation: You are resistant to electric shocks.
                  | (rElec) [potion of mutation]
  2087 | D:4      | Reached XP level 7. HP: 8/61 MP: 6/6
  2088 | D:4      | Lost mutation: You are resistant to electric shocks.
                  | (rElec) [potion of mutation]
  2088 | D:4      | Lost mutation: You occasionally lose the ability to drink
                  | potions when taking damage. [potion of mutation]
  2088 | D:4      | Gained mutation: You passively map a small area around you.
                  | [potion of mutation]
  2088 | D:4      | Gained mutation: You occasionally lose the ability to read
                  | scrolls when taking damage. [potion of mutation]
  2088 | D:4      | Gained mutation: You are resistant to electric shocks.
                  | (rElec) [potion of mutation]
  2275 | D:4      | HP: 3/61 [gnoll/+0 flail[a gnoll sergeant] (6)]
  2889 | D:6      | Found a sparkling altar of Nemelex Xobeh.
  3272 | D:6      | Found a hide-covered altar of Uskayaw.
  3290 | D:6      | Reached XP level 8. HP: 61/70 MP: 7/7
  3536 | D:6      | Reached skill level 1 in Throwing
  4061 | D:7      | Slain by a wight

Illustrated notes

Levels and vault maps discovered:
D:1:      eino_arrival_druids_welcome, layout_basic
D:2:      cheibrodos_greedy_goblins, layout_loops_cross
D:4:      layout_loops_corners, mainiacjoe_overflow_small_starburst
D:5:      layout_rooms, gammafunk_ghost_arena
D:6:      layout_loops_cross, nemelex_spade_bored_becter,
          nicolae_overflow_crystal_walls
D:7:      layout_cave_pools, nzn_wu_jian_contemplation,
          minmay_temple_entry_fiery, uniq_pikel

Skill      XL: |  1  2  3  4  5  6  7  8 |
---------------+-------------------------+-----
Armour         | 4 5 7 8 |  8.0
Fighting       | 4 5 6 |  6.4
Long Blades    | 3 4 5 6 7 8 |  8.3
Dodging        | 1 2 3 |  3.2
Throwing       | 1 |  1.0
Shields        | |  3.6
Evocations     | |  0.9

Action                     |  1- 3 |  4- 6 |  7- 9 || total
---------------------------+-------+-------+-------++-------
  Melee: Long sword        |    57 |    66 |   126 ||   249
         Headbutt          |     6 |    12 |    33 ||    51
         Punch             |     1 |       |     2 ||     3
  Throw: Dart              |       |       |     6 ||     6
  Evoke: Wand              |       |     3 |     2 ||     5
    Use: Potion            |       |     3 |     2 ||     5
         Scroll            |       |     1 |     1 ||     2
 Armour: Scale mail        |    34 |    50 |    59 ||   143
         Chain mail        |       |       |    16 ||    16
  Dodge: Dodged            |    35 |    54 |    92 ||   181

Table legend: (Time is in decaauts)
 A = Elapsed time spent in this place.
 B = Non-inter-level travel time spent in this place.
 C = Inter-level travel time spent in this place.
 D = Time resting spent in this place.
 E = Time spent auto-exploring this place.
 F = Levels seen in this place.
 G = Mean time per level.
                   A        B        C        D        E       F      G
               +--------+--------+--------+--------+--------+-----+--------+
         Total |   4092 |   3970 |    122 |    383 |   2903 |   6 |  682.0 |
       Dungeon |   4092 |   3970 |    122 |    383 |   2903 |   6 |  682.0 |
               +--------+--------+--------+--------+--------+-----+--------+

Top non-repeatable levels by time:
     D:4: 1655 daAuts
     D:6: 1093 daAuts
     D:5: 742 daAuts
     D:1: 484 daAuts
     D:7: 108 daAuts
     D:2: 8 daAuts
